 Dungeon Crawl Stone Soup version 0.28.0 (webtiles) character file.

Game seed: 507994033013440716

24908 RighteousDevil the Severer (level 12, 0/112 HPs)
             Began as a Deep Dwarf Artificer on Feb 15, 2022.
             Slain by a reaper (3 damage)
             ... in an ice cave.
             The game lasted 00:25:52 (10288 turns).

RighteousDevil the Severer (Deep Dwarf Artificer)  Turns: 10288, Time: 00:25:52

Health: 0/112      AC: 24    Str: 21    XL:     12   Next: 84%
Magic:  0/0        EV:  5    Int: 12    God:
Gold:   679        SH:  0    Dex: 13    Spells: 11/11 levels left

rFire   + . .      SeeInvis .   a - +5 broad axe (flame)
rCold   + . .      Faith    .   (no shield)
rNeg    . . .      Spirit   .   j - +0 gold dragon scales
rPois   +          Reflect  .   C - +0 hat
rElec   .          Harm     .   g - +1 cloak
rCorr   +          Rampage  .   f - +2 pair of gloves
Will    ++...                   (no boots)
Stlth   ..........              (no amulet)
HPRegen 0.00/turn               D - ring of willpower
MPRegen 0.07/turn               G - ring of resist corrosion

@: studying Polearms
A: damage resistance, heal wounds, sense surroundings 2, no regeneration
a: Heal Wounds


You were in an ice cave.
You visited 3 branches of the dungeon, and saw 14 of its levels.
You also visited: Ossuary and Ice Cave.

You collected 679 gold pieces.

Inventory:

Hand Weapons
 a - a +5 broad axe of flaming (weapon)
 b - a +0 morningstar
Missiles
 B - 16 boomerangs of dispersal
 I - 5 throwing nets
Armour
 f - a +2 pair of gloves (worn)
 g - a +1 cloak (worn)
 j - +0 gold dragon scales (worn)
 l - a +2 scale mail of fire resistance
 C - a +0 hat (worn)
Jewellery
 u - a +4 ring of evasion
 y - a +6 ring of intelligence
 D - a ring of willpower (left hand)
 G - a ring of resist corrosion (right hand)
Wands
 c - a wand of flame (29) (quivered)
 d - a wand of charming (15)
 o - a wand of paralysis (13)
 A - a wand of iceblast (6)
 F - a wand of digging (7)
 J - a wand of polymorph (17)
Scrolls
 m - a scroll of fog
 n - a scroll of magic mapping
 q - a scroll of fear
 s - 4 scrolls of blinking
 t - 3 scrolls of teleportation
 w - 3 scrolls of amnesia
 z - 2 scrolls of identify
 H - 2 scrolls of immolation
Potions
 h - 3 potions of lignification
 i - a potion of curing
 k - a potion of might
 r - 3 potions of brilliance
 v - 3 potions of berserk rage
 x - 4 potions of attraction
 E - a potion of cancellation
Miscellaneous
 e - a piece from Xom's chessboard (15/15)


   Skills:
 + Level 8.4 Fighting
 - Level 18.0 Axes
 + Level 12.0 Armour
 - Level 1.1 Dodging
 - Level 1.2 Stealth
 - Level 4.0 Evocations


You had 11 spell levels left.
You didn't know any spells.
Your spell library contained the following spells:

 Spells                   Type           Power      Damage    Failure   Level
 Animate Skeleton         Necr           0%         N/A       100%        1
 Apportation              Tloc           0%         N/A       100%        1
 Pain                     Necr           0%         1d4       100%        1
 Sandblast                Erth           0%         2d4       100%        1
 Summon Small Mammal      Summ           0%         N/A       100%        1
 Ensorcelled Hibernation  Hex/Ice        0%         N/A       100%        2
 Passwall                 Tmut/Erth      0%         N/A       100%        2
 Stone Arrow              Conj/Erth      0%         3d7       100%        3
 Swiftness                Air            0%         N/A       100%        3
 Vampiric Draining        Necr           0%         2d6       100%        3
 Petrify                  Tmut/Erth      0%         N/A       100%        4
 Fireball                 Conj/Fire      0%         3d3       100%        5
 Iskenderun's Battlesphe  Conj           0%         2d6       100%        5
 Metabolic Englaciation   Hex/Ice        0%         N/A       100%        5
 Conjure Ball Lightning   Conj/Air       0%         3x3d6     100%        6
 Statue Form              Tmut/Erth      0%         N/A       100%        6
 Orb of Destruction       Conj           0%         9d5       100%        7


Dungeon Overview and Level Annotations

Branches:
Dungeon (9/15)             Temple (1/1) D:5            Lair (4/6) D:9
  Swamp (0/4) Lair:2        Snake (0/4) Lair:3      Ossuary (visited)
  IceCv (1/1)
    Orc: D:9-12

Altars:
Ashenzari
Cheibriados
Dithmenos
Elyvilon
Fedhas
Gozag
Hepliaklqana
Kikubaaqudgha
Makhleb
Nemelex Xobeh
Okawaru
Qazlal
Ru
Sif Muna
Trog
Uskayaw
Vehumet
Wu Jian
Xom
Yredelemnul
Zin
The Shining One

Shops:
D:8 (

Annotations:
D:9 exclusion: obsidian statue
Lair:1 2 transporters


Innate Abilities, Weirdness & Mutations

You are resistant to damage.
You can heal yourself by infusing magical energy.
You passively map the area around you.
You do not regenerate.


Message History

You hit the ice statue.
You melt the ice statue.
The ice statue is lightly damaged.
You are engulfed in freezing vapours.
You resist.
You slash the ice statue!
You melt the ice statue.
The ice statue is moderately damaged.
You are engulfed in freezing vapours.
You resist.
You barely miss the ice statue.
The ice statue is moderately damaged.
You are engulfed in freezing vapours.
You resist.
You slash the ice statue!
You melt the ice statue.
The ice statue is moderately damaged.
You are engulfed in freezing vapours.
You resist. The ice statue gestures at you. The bolt of cold hits you.
You resist.
You slice the ice statue!!
You melt the ice statue!
The ice statue is severely damaged.
You are engulfed in freezing vapours.
You resist.
You slash the ice statue!
You melt the ice statue!
You destroy the ice statue!
You are engulfed in freezing vapours.
You resist.
You are engulfed in freezing vapours.
You resist.
* * * LOW HITPOINT WARNING * * *
w - 3 scrolls of amnesia (gained 1)
Okay, then.
Okay, then.
You open the door.
There is an open door here.
You open the door.
There is an open door here.
You open the door.
A reaper comes into view. It is wielding a +3 scythe of freezing.
The reaper hits you from afar with a +3 scythe of freezing.
* * * LOW HITPOINT WARNING * * *
Found a scroll of fog, Ozocubu's Autobiography and a halberd of freezing.
As you read the scroll of summoning, it crumbles to dust.
Wisps of shadow whirl around you...
The reaper hits you from afar with a +3 scythe of freezing!!
* * * LOW HITPOINT WARNING * * *
The reaper freezes you.
You die...

## ####⌠####
#.@.....#
#Z##2##.# #Z#
?:#,* #.#,⌠.#,
##.# .)# ##
####8.#####.8###
#...............
#+######'######+
*, +.......+ *,


You could see a reaper (ally target), a friendly cane toad simulacrum (summoned)
and a friendly two-headed ogre simulacrum (summoned).

Vanquished Creatures
  Harold (D:7)
  A hydra (Lair:2)
  A two-headed ogre (D:9)
  A death yak (Lair:2)
  A deep elf zephyrmancer (D:7)
  A deep elf pyromancer (D:9)
  An oklob plant (Lair:2)
  A cyclops (D:9)
  A manticore (shapeshifter) (D:9)
  2 ice statues (IceCv)
  A torpor snail (Lair:2)
  3 black mambas
  6 cane toads
  4 rime drakes
  5 komodo dragons
  2 ice devils (IceCv)
  9 blink frogs
  A dream sheep (Lair:3)
  A wraith (Ossuary)
  3 wyverns
  29 yaks
  3 basilisks
  A steam dragon (D:9)
  2 swamp worms (Lair:2)
  2 acid dragons
  14 water moccasins
  3 orc warriors
  2 ice beasts
  3 necrophages
  3 sky beasts
  2 ogres (D:5)
  12 wolves
  4 centaurs
  6 kobold brigands
  An elf zombie (Ossuary)
  10 bullfrogs
  4 scorpions
  A wyvern zombie (D:7)
  A water moccasin zombie (D:5)
  A cane toad simulacrum (IceCv)
  A wight (D:7)
  3 howler monkeys (D:7)
  A centaur zombie (D:9)
  A jelly (D:6)
  3 hounds
  4 bullfrog skeletons
  A centaur skeleton (D:5)
  4 orc priests
  2 iguanas
  3 orc wizards
  A wolf simulacrum (IceCv)
  3 mummies (Ossuary)
  A howler monkey zombie (D:9)
  A howler monkey skeleton (D:4)
  9 adders
  A naga simulacrum (IceCv)
  A shadow imp (D:5)
  3 white imps
  2 ufetubi
  2 worms
  2 dart slugs
  13 orcs
  6 ball pythons
  3 bats
  6 endoplasms
  A gnoll zombie (Ossuary)
  11 goblins
  5 hobgoblins
  3 jackals (D:4)
  2 quokkas (D:2)
  3 frilled lizards (D:2)
  4 goblin zombies (Ossuary)
  3 hobgoblin zombies (Ossuary)
  32 kobolds
  4 kobold zombies (Ossuary)
  2 rats
297 creatures vanquished.

Vanquished Creatures (others)
  42 fungi
  60 plants
102 creatures vanquished.

Grand Total: 399 creatures vanquished

Notes
Turn   | Place    | Note
-------+----------+-------------------------------------------
     0 | D:1      | RighteousDevil the Deep Dwarf Artificer began the quest for
                  | the Orb.
     0 | D:1      | Reached XP level 1. HP: 16/16 MP: 1/1
    96 | D:1      | Reached skill level 1 in Fighting
   270 | D:1      | Reached XP level 2. HP: 26/26 MP: 2/2
   862 | D:2      | Found a shimmering blue altar of Sif Muna.
  1032 | D:2      | Found a faded altar of an unknown god.
  1171 | D:2      | Reached XP level 3. HP: 31/33 MP: 3/3
  1799 | D:3      | Reached skill level 1 in Axes
  1799 | D:3      | Reached XP level 4. HP: 32/42 MP: 4/4
  1806 | D:3      | Reached skill level 2 in Axes
  1838 | D:3      | Reached skill level 3 in Axes
  1838 | D:3      | Reached XP level 5. HP: 16/49 MP: 5/5
  2105 | D:3      | Noticed a centaur
  2233 | D:3      | Killed a centaur
  2234 | D:3      | Reached skill level 4 in Axes
  2505 | D:4      | Reached skill level 5 in Axes
  2505 | D:4      | Reached XP level 6. HP: 49/56 MP: 6/6
  2542 | D:4      | Identified the +2 leather armour of Untruth {rN+ Slay+2}
  2599 | D:4      | Noticed a sky beast
  2610 | D:4      | Killed a sky beast
  2657 | D:4      | Reached skill level 6 in Axes
  2965 | D:5      | Entered Level 5 of the Dungeon
  2999 | D:5      | Found a staircase to the Ecumenical Temple.
  3005 | D:5      | Reached skill level 7 in Axes
  3005 | D:5      | Reached XP level 7. HP: 43/62 MP: 7/7
  3011 | Temple   | Entered the Ecumenical Temple
  3416 | D:5      | Reached skill level 8 in Axes
  3455 | D:5      | Found a white marble altar of Elyvilon.
  3767 | D:5      | Reached skill level 9 in Axes
  3974 | D:5      | Reached XP level 8. HP: 41/69 MP: 6/6
  4109 | D:6      | Reached skill level 10 in Axes
  4227 | D:6      | Reached skill level 11 in Axes
  4623 | D:7      | Reached skill level 12 in Axes
  4623 | D:7      | Gained mutation: You passively map the area around you.
                  | [Deep Dwarf growth]
  4623 | D:7      | Reached XP level 9. HP: 68/76 MP: 7/7
  5115 | D:7      | Noticed Harold
  5128 | D:7      | Killed Harold
  5129 | D:7      | Reached skill level 13 in Axes
  5287 | D:7      | Noticed a deep elf zephyrmancer
  5299 | D:7      | Killed a deep elf zephyrmancer
  5300 | D:7      | Reached skill level 14 in Axes
  5458 | D:7      | Reached XP level 10. HP: 64/84 MP: 6/6
  5533 | D:7      | Reached skill level 15 in Axes
  5977 | D:8      | Found Fupnal's Weapon Emporium.
  6127 | D:8      | Found a sand-covered staircase.
  6185 | Ossuary  | Entered an ossuary
  7159 | D:9      | Reached skill level 16 in Axes
  7357 | D:9      | Found a staircase to the Lair.
  7390 | D:9      | Noticed a deep elf pyromancer
  7390 | D:9      | Noticed a cyclops
  7608 | D:9      | Killed a deep elf pyromancer
  7637 | D:9      | Noticed an obsidian statue
  7655 | D:9      | Noticed an orb spider
  7674 | D:9      | Killed a cyclops
  7708 | D:9      | Noticed a manticore
  7708 | D:9      | an orb spider changed into a manticore
  7712 | D:9      | Killed a manticore
  7713 | D:9      | Reached skill level 17 in Axes
  7713 | D:9      | Reached XP level 11. HP: 63/90 MP: 6/6
  7748 | D:9      | Reached skill level 5 in Armour
  7750 | D:9      | Noticed a two-headed ogre
  7763 | D:9      | Killed a two-headed ogre
  8079 | Lair:1   | Entered Level 1 of the Lair of Beasts
  8450 | Lair:1   | Reached skill level 18 in Axes
  8486 | Lair:1   | Found a transporter.
  8493 | Lair:1   | Found a transporter.
  8494 | Lair:1   | Noticed a boulder beetle
  8810 | Lair:1   | Reached skill level 5 in Fighting
  9006 | Lair:2   | Noticed an oklob plant
  9006 | Lair:2   | Noticed a death yak
  9019 | Lair:2   | Killed a death yak
  9020 | Lair:2   | Reached XP level 12. HP: 46/103 MP: 6/6
  9066 | Lair:2   | Noticed a four-headed hydra
  9072 | Lair:2   | Killed a one-headed hydra
  9121 | Lair:2   | Reached skill level 10 in Armour
  9610 | Lair:2   | Found a staircase to the Swamp.
 10109 | Lair:3   | Identified the +0 chain mail of the Rose {*Corrode rElec
                  | rPois rN++}
 10117 | Lair:3   | Found a frozen archway.
 10132 | IceCv    | Entered an ice cave
 10286 | IceCv    | Noticed a reaper
 10288 | IceCv    | HP: 3/112 [reaper (23)]
 10288 | IceCv    | Slain by a reaper

Illustrated notes

Levels and vault maps discovered:
D:1:      dpeg_arrival_round_c, layout_basic
D:2:      layout_basic, shapermc_ecumenical_altar_starsandcircs, basic_altar,
          minmay_tetromino_l2
D:3:      layout_loops_ring, minmay_misc_feat_enclosed, st_stairs_8,
          chequers_hall_statues_corner_a, minmay_fractal_squares_diagonal_5
D:4:      layout_rooms
D:5:      layout_basic, kennysheep_mini, minmay_temple_entry_gardened_gates,
          kennysheep_minor_cross
D:6:      layout_cave_pools, minmay_unpleasant_kobolds
D:7:      kennysheep_six_static_rooms, layout_layer_cave,
          guppyfry_early_elven_hall, uniq_harold
D:8:      layout_loops_ring, nicolae_ossuary_entry_ruins, serial_shops,
          nicolae_stop_n_shop_1
D:9:      minmay_bloctagon_deflated, layout_basic, due_lair_maze_entry_diamond,
          minivault_16
Temple:   minmay_crystal_snake_temple
Lair:1:   gammafunk_boulding_lane, layout_regular_city, grunt_megastairs_4
Lair:2:   layout_chaotic_city, minmay_swamp_entry_worms
Lair:3:   layout_gridlike, dummy_snake_entry, portal_ice_cave_rime,
          serial_bayou_pond_d, eino_small_chamber_without_monster,
          nicolae_lair_lindhole, uniq_nergalle
Lair:4:   layout_cave_shapes, minivault_23, beast_lair_carwin_6,
          grunt_megastairs_3, infiniplex_staircase_pool
IceCv:    ice_cave_tombish

Skill      XL: |  1  2  3  4  5  6  7  8  9 10 11 12 |
---------------+-------------------------------------+-----
Fighting       | 1 2 3 5 8 |  8.4
Axes           | 1 3 5 7 9 12 14 17 18 | 18.0
Armour         | 4 9 12 | 12.0
Dodging        | |  1.1
Stealth        | |  1.2
Evocations     | |  4.0

Action                   |  1- 3 |  4- 6 |  7- 9 | 10-12 || total
-------------------------+-------+-------+-------+-------++-------
Melee: Club              |    91 |       |       |       ||    91
       Short sword       |    33 |       |       |       ||    33
       Broad axe         |    11 |   109 |   224 |   546 ||   890
       Punch             |       |     2 |     4 |    11 ||    17
 Abil: Heal Wounds       |     2 |     3 |    10 |    24 ||    39
Evoke: Wand              |     5 |       |       |     3 ||     8
  Use: Scroll            |     3 |     1 |     8 |    20 ||    32
       Potion            |       |     1 |       |    14 ||    15
 Stab: Sleeping          |     3 |     1 |     1 |       ||     5
       Distracted        |       |       |     1 |       ||     1
       Paralysed         |       |       |       |     1 ||     1
       Invisible         |       |       |       |     4 ||     4
Armor: Leather armour    |    64 |    61 |    76 |       ||   201
       Scale mail        |       |       |     2 |    49 ||    51
       Gold dragon scale |       |       |       |   231 ||   231
Dodge: Dodged            |    81 |   102 |   132 |    98 ||   413
